 Dungeon Crawl Stone Soup version 0.30-a0-122-g2a1322497e (webtiles) character file.

Game seed: 10706444707375336980

4 Dreamer the Sneak (level 1, 0/21 HPs)
             Began as a Naga Delver on Sept 15, 2022.
             Slain by a hobgoblin (3 damage)
             ... on level 2 of the Dungeon.
             The game lasted 00:01:20 (221 turns).

Dreamer the Sneak (Naga Delver)                      Turns: 221, Time: 00:01:20

Health: 0/21       AC:  1    Str: 14    XL:     1   Next: 70%
Magic:  1/1        EV:  9    Int: 16    God:
Gold:   49         SH:  0    Dex: 12    Spells: 0/0 levels left

rFire   . . .      SeeInvis +    i - +0 rapier
rCold   . . .      Faith    .    (no shield)
rNeg    . . .      Spirit   .    b - +0 leather armour
rPois   +          Reflect  .    (no helmet)
rElec   .          Harm     .    (no cloak)
rCorr   .          Rampage  .    (no gloves)
Will    .....                    (no barding)
Stlth   +++.......               (no amulet)
HPRegen 0.07/turn                h - +6 ring of intelligence
MPRegen 0.07/turn                (no ring)

@: very slow
A: AC +0, large, see invisible, deformed body, poison resistance, slowness 2,
spit poison 1, naga tail 1
a: Spit Poison


You were on level 2 of the Dungeon.
You visited 1 branch of the dungeon, and saw 4 of its levels.

You collected 49 gold pieces.

Inventory:

Hand Weapons
 a - a +0 short sword
 i - a +0 rapier (weapon)
Armour
 b - a +0 leather armour (worn)
Jewellery
 h - a +6 ring of intelligence (left hand)
Wands
 g - a wand of digging (3)
Scrolls
 c - a scroll of fog
 d - 2 scrolls of magic mapping
 e - 2 scrolls of fear
Potions
 f - a potion of haste
 j - a potion of heal wounds {unknown}


   Skills:
 + Level 3.1 Fighting
 + Level 2.1 Short Blades
 + Level 1.6 Dodging
 + Level 7.3 Stealth


You couldn't memorise any spells.
You didn't know any spells.
Your spell library was empty.

Dungeon Overview and Level Annotations

Branches:
Dungeon (5/15)
 Temple: D:4-7

Altars:

Annotations:
D:5 Prince Ribbit


Innate Abilities, Weirdness & Mutations

Your serpentine skin is tough. (AC +0)
You have supernaturally acute eyesight. (SInv)
Armour fits poorly on your strangely shaped body.
Your system is resistant to poisons. (rPois)
You cover ground very slowly.
You can spit poison.
You have a snake-like lower body.


Message History

The poisoned dart barely misses you.
You hit the endoplasm.
You kill the endoplasm!
You feel sick.
The kobold throws a poisoned dart.
The poisoned dart barely misses you.
You feel sick.
You feel sick.
The kobold throws a poisoned dart.
The poisoned dart hits you.
You feel sick.
You feel sick.
You are no longer poisoned.
There is a stone staircase leading up here.
You barely miss the kobold.
The kobold hits you with a +0 short sword.
* * * LOW HITPOINT WARNING * * *
The kobold hits you with a +0 short sword.
* * * LOW HITPOINT WARNING * * *
You hit the kobold.
The kobold is heavily wounded.
The kobold hits you but does no damage.
You closely miss the kobold.
The kobold is heavily wounded.
The kobold closely misses you.
You hit the kobold.
You kill the kobold!
You start resting.
A goblin comes into view. It is wielding a +0 dagger.
You climb upwards.
Found a scroll labelled LOATHR KEYNN and 6 gold pieces.
There is a stone staircase leading down here.
The hobgoblin hits you.
* * * LOW HITPOINT WARNING * * *
You closely miss the hobgoblin. The hobgoblin hits you.
* * * LOW HITPOINT WARNING * * *
You hit the hobgoblin.
The hobgoblin is moderately wounded.
The hobgoblin misses you.
You closely miss the hobgoblin.
The hobgoblin is moderately wounded.
The hobgoblin hits you.
You die...

#
#########..
#..........
#...g......
#?.@.......
#..>.......
#.........$
#..........
########+#.


You could see a hobgoblin.

Vanquished Creatures
  An orc (D:3)
  An endoplasm (D:3)
  A kobold (D:3)
3 creatures vanquished.

Notes
Turn   | Place    | Note
-------+----------+-------------------------------------------
     0 | D:5      | Dreamer the Naga Delver began the quest for the Orb.
     0 | D:5      | Reached XP level 1. HP: 21/21 MP: 1/1
    14 | D:5      | Noticed Prince Ribbit
   221 | D:2      | Slain by a hobgoblin

Illustrated notes

Levels and vault maps discovered:
D:2:      layout_basic, chequers_serial_rivers_marsh
D:3:      minmay_recursive_quarters, layout_rooms,
          nemelex_xobeh_ov_fountains_minmay
D:4:      layout_loops_ring, gammafunk_temple_overflow_pools,
          minmay_temple_entry_trees
D:5:      layout_cave_pods, uniq_menkaure, uniq_pikel, uniq_prince_ribbit1

Action                   || total
-------------------------++-------
Melee: Rapier            ||    10
 Stab: Sleeping          ||     1
Armor: Leather armour    ||     1
Dodge: Dodged            ||     5

Table legend: (Time is in decaauts)
 A = Elapsed time spent in this place.
 B = Non-inter-level travel time spent in this place.
 C = Inter-level travel time spent in this place.
 D = Time resting spent in this place.
 E = Time spent auto-exploring this place.
 F = Levels seen in this place.
 G = Mean time per level.
                   A        B        C        D        E       F      G
               +--------+--------+--------+--------+--------+-----+--------+
         Total |    271 |    271 |      0 |     65 |     66 |   4 |   67.8 |
       Dungeon |    271 |    271 |      0 |     65 |     66 |   4 |   67.8 |
               +--------+--------+--------+--------+--------+-----+--------+

Top non-repeatable levels by time:
     D:3: 118 daAuts
     D:4: 87 daAuts
     D:5: 61 daAuts
     D:2: 4 daAuts
